 Dungeon Crawl Stone Soup version 0.21-a0-94-gdd6ab6a (webtiles) character file.

5377 Ordine the Cutter (level 10, -4/56 HPs)
             Began as a Deep Elf Wizard on July 3, 2017.
             Was a Priest of Sif Muna.
             Slain by a wraith (9 damage)
             ... led by Josephine
             ... on level 10 of the Dungeon.
             The game lasted 00:42:03 (13487 turns).

Ordine the Cutter (Deep Elf Wizard)                Turns: 13487, Time: 00:42:04

Health: -4/56      AC:  8    Str:  4    XL:     10   Next: 39%
Magic:  0/21       EV: 14    Int: 27    God:    Sif Muna [***...]
Gold:   535        SH:  3    Dex: 13    Spells: 12/21 levels left

rFire    + + .     SeeInvis .   p - +5 dagger
rCold    . . .     Gourm    .   A - +0 buckler (curse)
rNeg     . . .     Faith    .   E - +2 robe {rF+}
rPois    .         Spirit   .   r - +0 helmet
rElec    .         Reflect  .   j - +0 cloak
rCorr    .         Harm     .   G - +1 pair of gloves {archery}
MR       +....                  (no boots)
Stlth    +++.......             (no amulet)
HPRegen  0.18/turn              s - ring of protection from fire
MPRegen  0.17/turn              (no ring)

@: slowed, drained, very slow
A: no striking features
a: Divine Energy, Channel Magic, Renounce Religion


You were on level 10 of the Dungeon.
You worshipped Sif Muna.
Sif Muna was most pleased with you.
You were very hungry.

You visited 2 branches of the dungeon, and saw 11 of its levels.

You collected 535 gold pieces.

Inventory:

Hand Weapons
 p - a +5 dagger (weapon)
 B - a +1 dagger of venom
 F - a +2 dagger
Armour
 j - a +0 cloak (worn)
 r - a +0 helmet (worn)
 A - a cursed +0 buckler (worn)
 C - a scarf of spirit shield
 E - a +2 robe of fire resistance (worn)
 G - a +1 pair of gloves of archery (worn)
Magical Staves
 H - an uncursed staff of energy {unknown}
Jewellery
 s - a ring of protection from fire (left hand)
Wands
 e - a wand of acid (6/15)
 k - a wand of disintegration (12/24)
 v - a wand of confusion (18/48)
 y - a wand of paralysis (13/24)
 z - a wand of digging (7/24)
Scrolls
 a - a scroll of immolation
 h - a scroll of fear
 o - 2 scrolls of teleportation
 t - 6 scrolls of enchant weapon
 u - a scroll of magic mapping
 D - a scroll of fog
Potions
 b - 3 potions of berserk rage
 f - 2 potions of brilliance
 g - 2 potions of invisibility
 m - a potion of lignification
 q - a potion of haste {unknown}
 w - a potion of heal wounds
 x - a potion of cancellation {unknown}
Books
 c - a book of Minor Magic

   Spells                             Type                      Level
   a - Magic Dart                     Conjuration                  1
   b - Blink                          Translocation                2
   c - Call Imp                       Summoning                    2
   d - Slow                           Hexes                        2
   e - Conjure Flame                  Conjuration/Fire             3
   f - Mephitic Cloud                 Conjuration/Poison/Air       3
Comestibles
 d - 8 bread rations
 i - 7 meat rations
 l - 6 royal jellies
 n - 3 fruits


   Skills:
 + Level 3.5(3.3) Fighting
 * Level 7.7(7.6) Short Blades
 + Level 2.2(2.1) Armour
 + Level 5.5(5.4) Dodging
 - Level 5.0(4.8) Stealth
 - Level 6.1(5.9) Spellcasting
 + Level 7.6(7.5) Conjurations
   Level 1.1(0.9) Summonings
 - Level 3.0(2.9) Translocations
 - Level 4.0(3.8) Fire Magic
 - Level 3.0(2.9) Air Magic
 + Level 5.6(5.5) Invocations


You had 12 spell levels left.
You knew the following spells:

 Your Spells              Type           Power        Failure   Level  Hunger
a - Magic Dart            Conj           ####         1%          1    None
b - Blink                 Tloc           N/A          4%          2    None
c - Conjure Flame         Conj/Fire      #####...     3%          3    None
d - Mephitic Cloud        Conj/Pois/Air  ####....     8%          3    None


Dungeon Overview and Level Annotations

Branches:
Dungeon (10/15)            Temple (1/1) D:7            Lair (0/6) D:8
    Orc (0/2) D:9

Altars:
Ashenzari
Cheibriados
Dithmenos
Elyvilon
Fedhas
Gozag
Hepliaklqana
Kikubaaqudgha
Makhleb
Nemelex Xobeh
Okawaru
Qazlal
Ru
Sif Muna
Trog
Uskayaw
Vehumet
Wu Jian
Xom
Yredelemnul
Zin
The Shining One

Shops:
D:10 *


Message History

You feel much better. The wraith hits you! x2
Casting: Magic Dart
Confirm with . or Enter, or press ? or * to list all spells.
You don't have enough magic to cast that spell.
You hit the wraith but do no damage.
The wraith is severely damaged.
The wraith closely misses you.
Casting: Magic Dart
Confirm with . or Enter, or press ? or * to list all spells.
Aiming: Magic Dart
Press: ? - help, Shift-Dir - straight line, f/p - wraith
Aim: a wraith (severely damaged)
The magic dart hits the wraith.
The wraith is severely damaged.
The wraith hits you!
* * * LOW HITPOINT WARNING * * *
The wraith drains your vigour!
You feel as though you will be slow longer.
The wraith hits you!
You die...

#.....#### #........#
#.##.###.# #.##.# #.#
#.##.###.# # #.#....#.#
# .####.#.#....#.#
##.#..#.#.#....#W#
...#....#.#....#@#
.####.###.#..[.#.######
............|.<..(...>#
..####.##.######.####.#
#.# #.##........# #.#
#.####.########### #.#
....##).....# #.#
#....#..###.# #.#
..........# #.#


You could see a wraith.

Vanquished Creatures
  A two-headed ogre (D:8)
  2 trolls (D:9)
  The ghost of Zigma the Ruffian, an amateur DrMo of Makhleb (D:5)
  A wyvern (D:8)
  A steam dragon (D:9)
  3 wargs (D:8)
  Edmund (D:4)
  2 orc warriors
  A sky beast (D:7)
  6 ogres
  2 necrophages
  A centaur (D:6)
  A crocodile (D:7)
  A big kobold (D:9)
  Blork the orc (D:4)
  A bullfrog (D:8)
  A scorpion (D:5)
  8 killer bees
  6 wights
  2 howler monkeys
  3 crimson imps
  A bullfrog zombie (D:9)
  A quasit (D:10)
  A hound (D:9)
  A centaur skeleton (D:4)
  7 orc wizards
  5 bullfrog skeletons
  7 orc priests
  Jessica (D:3)
  4 iguanas
  Ijyb (D:4)
  5 worker ants
  3 hound skeletons
  2 worker ant zombies (D:7)
  A howler monkey zombie (D:8)
  Robin (D:3)
  11 adders
  A shadow imp (D:7)
  2 oozes
  An adder skeleton (D:4)
  2 worms
  3 dart slugs
  5 leopard geckos
  30 orcs
  3 bat zombies (D:7)
  5 giant cockroaches
  12 hobgoblins
  11 jackals
  13 kobolds
  4 quokkas
  2 ball pythons
  8 bats
  7 frilled lizards
  8 goblins
  A jackal zombie (D:5)
  A rat (D:1)
  2 rat zombies (D:7)
219 creatures vanquished.

Vanquished Creatures (collateral kills)
  A killer bee (D:10)
1 creature vanquished.

Vanquished Creatures (others)
  An ogre (D:7)
  A fungus (D:9)
2 creatures vanquished.

Grand Total: 222 creatures vanquished

Notes
Turn   | Place    | Note
-------+----------+-------------------------------------------
     0 | D:1      | Ordine the Deep Elf Wizard began the quest for the Orb.
     0 | D:1      | Reached XP level 1. HP: 10/10 MP: 7/7
   261 | D:1      | Reached XP level 2. HP: 11/15 MP: 0/9
   330 | D:1      | Learned a level 2 spell: Blink
   843 | D:1      | Reached XP level 3. HP: 18/19 MP: 8/11
   848 | D:1      | Learned a level 3 spell: Conjure Flame
   852 | D:1      | Learned a level 3 spell: Mephitic Cloud
   945 | D:1      | Reached skill level 5 in Spellcasting
  1036 | D:2      | Found a basalt altar of Yredelemnul.
  1136 | D:2      | Found a deep blue altar of Sif Muna.
  1172 | D:2      | Became a worshipper of Sif Muna the Loreminder
  1480 | D:3      | Noticed Robin
  1481 | D:3      | Reached XP level 4. HP: 24/24 MP: 8/13
  1485 | D:3      | Killed Robin
  1857 | D:3      | Noticed Jessica
  1861 | D:3      | Killed Jessica
  1980 | D:3      | Reached * piety under Sif Muna
  1993 | D:3      | Reached XP level 5. HP: 18/28 MP: 1/14
  2815 | D:4      | Noticed Edmund
  2829 | D:4      | Killed Edmund
  2829 | D:4      | Reached XP level 6. HP: 31/32 MP: 0/16
  2979 | D:4      | Noticed Ijyb
  3002 | D:4      | Killed Ijyb
  3021 | D:4      | Reached skill level 5 in Conjurations
  3190 | D:4      | Reached skill level 1 in Fire Magic
  3415 | D:3      | Reached XP level 7. HP: 16/36 MP: 9/18
  3813 | D:4      | Reached ** piety under Sif Muna
  3829 | D:4      | Reached skill level 1 in Short Blades
  3835 | D:4      | Noticed Blork the orc
  3851 | D:4      | Killed Blork the orc
  3851 | D:4      | Reached skill level 1 in Air Magic
  3851 | D:4      | Reached skill level 1 in Invocations
  4065 | D:4      | Reached skill level 5 in Stealth
  4368 | D:5      | Entered Level 5 of the Dungeon
  4626 | D:5      | Reached XP level 8. HP: 33/41 MP: 9/19
  5083 | D:5      | Noticed Zigma's ghost (amateur DrMo)
  5142 | D:5      | Killed Zigma's ghost
  6079 | D:5      | Found a bloodstained altar of Trog.
  6724 | D:6      | Reached skill level 1 in Fighting
  7486 | D:7      | Reached skill level 5 in Short Blades
  7760 | D:6      | Reached XP level 9. HP: 44/47 MP: 1/20
  7913 | D:7      | Found an ancient bone altar of Kikubaaqudgha.
  7967 | D:7      | Reached *** piety under Sif Muna
  8162 | D:7      | Found a staircase to the Ecumenical Temple.
  8178 | Temple   | Entered the Ecumenical Temple
  8361 | D:7      | Found a sparkling altar of Nemelex Xobeh.
  8684 | D:7      | Found a sparkling altar of Nemelex Xobeh.
  9863 | D:8      | Noticed a two-headed ogre
 10009 | D:7      | Reached skill level 5 in Invocations
 10454 | D:8      | Killed a two-headed ogre
 10454 | D:8      | Reached skill level 1 in Armour
 10454 | D:8      | Reached skill level 5 in Dodging
 10454 | D:8      | Reached XP level 10. HP: 55/55 MP: 1/21
 10801 | D:8      | Noticed a dagger
 10803 | D:8      | Noticed a hand axe
 10804 | D:8      | Found a hide-covered altar of Uskayaw.
 10885 | D:8      | Found a staircase to the Lair.
 11129 | D:9      | Found a staircase to the Orcish Mines.
 11217 | D:9      | Found an ornate altar of the Wu Jian Council.
 11575 | D:9      | Found a shadowy altar of Dithmenos.
 12871 | D:10     | Entered Level 10 of the Dungeon
 13242 | D:10     | Found Ameq's Assorted Antiques.
 13242 | D:10     | Noticed a green ugly thing
 13487 | D:10     | Slain by a wraith

Vault maps used:
D:1:      dpeg_arrival_pits, columned_hall_lemuel
D:2:      yredelemnul_altar_generic, lemuel_blue_sif_altar
D:3:      uniq_robin, uniq_jessica
D:4:      first_bread, kennysheep_generic_room_8, uniq_edmund, uniq_ijyb,
          uniq_blork_the_orc
D:5:      nicolae_overflow_hidden_temple
D:7:      lemuel_zombie_altar_kikubaaqudgha, lemuel_crystal_altar,
          minmay_temple_entry_trees, nemelex_dance_club_becter
D:8:      dancing_weapons_uskayaw, erik_lair_orcish_takeover
D:9:      kennysheep_steamy, lemuel_doored_altar, kennysheep_mini_moat
D:10:     serial_shops, nicolae_shop_stone, uniq_josephine
Temple:   nicolae_temple_great_sept

Skill      XL: |  1  2  3  4  5  6  7  8  9 10 |
---------------+-------------------------------+-----
Conjurations   | 2 3 4 5 6 7 |  7.6
Spellcasting   | 5 6 |  6.1
Stealth        | 3 4 5 |  5.0
Translocations | 2 3 |  3.0
Fire Magic     | 1 2 4 |  4.0
Short Blades   | 3 5 7 |  7.7
Air Magic      | 2 3 |  3.0
Invocations    | 2 3 5 |  5.6
Fighting       | 1 2 3 |  3.5
Dodging        | 5 |  5.5
Armour         | 1 2 |  2.2
Summonings     | |  1.1

Action                   |  1- 3 |  4- 6 |  7- 9 | 10-12 || total
-------------------------+-------+-------+-------+-------++-------
Melee: Unarmed           |     1 |       |       |       ||     1
       Short sword       |    21 |       |       |       ||    21
       Dagger            |       |    18 |    57 |    21 ||    96
 Cast: Magic Dart        |   102 |   168 |   520 |   172 ||   962
       Conjure Flame     |       |     2 |    12 |     7 ||    21
       Blink             |       |     3 |    13 |     5 ||    21
       Mephitic Cloud    |       |     3 |    19 |     4 ||    26
  Use: Scroll            |     6 |     3 |     8 |     2 ||    19
       Potion            |       |       |     3 |     1 ||     4
 Stab: Confused          |       |     2 |     3 |     2 ||     7
  Eat: Chunk             |     2 |     5 |    22 |     8 ||    37
Armor: Robe              |    11 |    21 |    46 |     8 ||    86
       Skin              |       |       |    40 |       ||    40
Dodge: Dodged            |    35 |    72 |   136 |    41 ||   284
Block: Buckler           |       |       |       |     5 ||     5
